 Dungeon Crawl Stone Soup version 0.31-a0-965-g8a8ce12e04 (webtiles) character file.

Game seed: 7846476522797715398

69 chunkyMonkey the Trooper (level 4, -9/49 HPs)
             Began as an Ogre Fighter on Oct 26, 2023.
             Mangled by an orc priest
             ... wielding a +0 morningstar
              (12 damage)
             ... on level 2 of the Dungeon.
             The game lasted 00:03:12 (1585 turns).

chunkyMonkey the Trooper (Ogre Fighter)             Turns: 1585, Time: 00:03:12

Health: -9/49      AC:  3    Str: 22    XL:     4   Next: 20%
Magic:  5/5        EV:  8    Int:  9    God:
Gold:   151        SH:  7    Dex:  8    Spells: 4/4 levels left

rFire   . . .        a - +0 war axe
rCold   . . .        c - +0 kite shield
rNeg    . . .        b - +0 robe
rPois   .            (helmet restricted)
rElec   .            (no cloak)
rCorr   .            (gloves unavailable)
SInv    .            (boots unavailable)
Will    .....        (no amulet)
Stlth   +            (no ring)
HPRegen 0.28/turn    (no ring)
MPRegen 0.09/turn

%: no passive effects
@: mighty
A: large, unfitting armour, tough skin 1
a: no special abilities


You were on level 2 of the Dungeon.
You visited 1 branch of the dungeon, and saw 3 of its levels.

You collected 151 gold pieces.

Inventory:

Hand Weapons
 a - a +0 war axe (weapon)
Missiles
 h - 2 darts of dispersal
 i - 5 poisoned darts
Armour
 b - a +0 robe (worn)
 c - a +0 kite shield (worn)
Scrolls
 g - a scroll of teleportation {unknown}
Potions
 e - 2 potions of ambrosia {unknown}
 f - a potion of haste {unknown}
 j - a potion of cancellation {unknown}


   Skills:
 * Level 4.7 Fighting
 + Level 2.4 Axes
 + Level 0.0 Throwing
 + Level 0.9 Armour
 + Level 3.0 Dodging
 * Level 3.5 Shields
 + Level 0.7 Spellcasting


You had 4 spell levels left.
You didn't know any spells.
Your spell library was empty.

Dungeon Overview and Level Annotations

Branches:
Dungeon (3/15)

Altars:


Innate Abilities, Weirdness & Mutations

You are too large for most types of armour.
You have tough skin. (AC +1)


Message History

The orc priest invokes the aid of Beogh against you.
Beogh smites you! The orc closely misses you.
Press: ? - help, v - describe, . - travel
Here: an orc, wielding a +1 whip of draining (moderately wounded)
The floor.
Unknown command.
Unknown command.
You slash the orc!
You kill the orc!
You closely miss the orc priest. You hit the orc but do no damage.
The orc hits you but does no damage. The orc priest barely misses you.
Unknown command.
You barely miss the orc priest.
The orc priest is lightly wounded.
You hit the orc but do no damage. You block the orc's attack.
The orc priest mumbles some strange prayers to Beogh against you.
Beogh smites you! The orc hits you with a +0 club.
The orc priest barely misses you.
Unknown command.
You feel very mighty all of a sudden. You block the orc's attack.
You block the orc priest's attack.
You hit the orc priest.
The orc priest is moderately wounded.
You slash the orc!
You kill the orc!
The orc priest hits you with a +0 morningstar!
You block the orc priest's attack.
You hit the orc priest.
The orc priest is heavily wounded.
The orc priest barely misses you.
You barely miss the orc priest.
The orc priest is heavily wounded.
The orc priest begins to cast a cantrip, but forgets the words!
The orc priest invokes the aid of Beogh against you.
Beogh smites you!
* * * LOW HITPOINT WARNING * * *
You closely miss the orc priest.
The orc priest is heavily wounded.
The orc priest hits you with a +0 morningstar!
You die...

######...............†.......
#......#####.####.###..##....
#####.###### #.# #.###).##....
......# #.# #......##.†.. #######
#.# ####...#####. #### #.#
##..####.. ÷.†#####
#.########.....<.# #......#
#.o............... #......#
##@.........##.#.##
#......########>))##...#####....#
#........[#.....#.##.####........
#...........##.##..#.# #.#####..
#......##.###..###...# #.# #..
#......##.....## #..## #.# #.#
.......#####..####.## #.#####..
.......###.........######.##.)<..
##.............###.#......#..###.


You could see an orc priest.

Vanquished Creatures
  An adder (D:2)
  A worm (D:2)
  A dart slug (D:2)
  2 orcs (D:2)
  3 ball pythons (D:2)
  5 endoplasms (D:2)
  4 giant cockroaches (D:1)
  3 goblins
  5 hobgoblins
  5 jackals (D:1)
  2 kobolds
  2 quokkas (D:1)
  5 bats
  4 frilled lizards (D:2)
  6 rats
49 creatures vanquished.

Notes
Turn   | Place    | Note
-------+----------+-------------------------------------------
     0 | D:1      | chunkyMonkey the Ogre Fighter began the quest for the Orb.
     0 | D:1      | Reached XP level 1. HP: 24/24 MP: 1/1
   123 | D:1      | Reached XP level 2. HP: 11/32 MP: 2/2
   495 | D:1      | Reached XP level 3. HP: 40/40 MP: 3/3
   610 | D:1      | Found a faded altar of an unknown god.
  1304 | D:2      | Reached XP level 4. HP: 36/49 MP: 3/5
  1585 | D:2      | Mangled by an orc priest

Illustrated notes

Levels and vault maps discovered:
D:1:      dpeg_arrival_tiny_a, layout_loops_ring, shapermc_ecumenical_altar_venn
D:2:      layout_rooms
D:3:      layout_basic, uniq_crazy_yiuf_cottage

Skill      XL: |  1  2  3 |
---------------+----------+-----
Dodging        | 3 |  3.0
Fighting       | |  4.7
Axes           | |  2.4
Armour         | |  0.9
Shields        | |  3.5
Spellcasting   | |  0.7

Action                     |  1- 3 |  4- 6 || total
---------------------------+-------+-------++-------
  Melee: War axe           |   119 |    24 ||   143
    Use: Potion            |       |     1 ||     1
 Armour: Robe              |    80 |    12 ||    92
  Dodge: Dodged            |    53 |    17 ||    70
  Block: Kite shield       |    50 |    10 ||    60

Table legend: (Time is in decaauts)
 A = Elapsed time spent in this place.
 B = Non-inter-level travel time spent in this place.
 C = Inter-level travel time spent in this place.
 D = Time resting spent in this place.
 E = Time spent auto-exploring this place.
 F = Levels seen in this place.
 G = Mean time per level.
                   A        B        C        D        E       F      G
               +--------+--------+--------+--------+--------+-----+--------+
         Total |   1659 |   1633 |     26 |    440 |    818 |   3 |  553.0 |
       Dungeon |   1659 |   1633 |     26 |    440 |    818 |   3 |  553.0 |
               +--------+--------+--------+--------+--------+-----+--------+

Top non-repeatable levels by time:
     D:1: 916 daAuts
     D:2: 738 daAuts
     D:3: 4 daAuts
